Workbook

Sheet Tableau de bord
A1: Tableau de bord — dépenses d’entreprise
A3: Entreprise | B3: ='Paramètres'!$B$9 | D3: Exercice financier | E3: ='Paramètres'!$B$3
A5: Nombre de transactions | C5: Total payé | E5: Part entreprise | G5: Taxes récupérables estimées
A6: =IFERROR(COUNTA('Journal dépenses'!$A$6:$A$1005),0) | C6: =IFERROR(SUM('Journal dépenses'!$N$6:$N$1005),0) | E6: =IFERROR(SUM('Journal dépenses'!$P$6:$P$1005),0) | G6: =IFERROR(SUM('Journal dépenses'!$Q$6:$Q$1005),0)
A7: Montant net entreprise estimé | E7: Transactions sans reçu
A8: =IFERROR(SUM('Journal dépenses'!$R$6:$R$1005),0) | E8: =IFERROR(COUNTIF('Journal dépenses'!$H$6:$H$1005,"Non"),0)
E9: =""
E10: =""
A11: Catégorie | B11: Part entreprise | C11: Nombre de transactions | E11: Contrôle des totaux
A12: Publicité et promotion | B12: =IFERROR(SUMIFS('Journal dépenses'!$P$6:$P$1005,'Journal dépenses'!$E$6:$E$1005,A12),0) | C12: =IFERROR(COUNTIF('Journal dépenses'!$E$6:$E$1005,A12),0) | E12: Total part entreprise — journal | G12: =IFERROR(SUM('Journal dépenses'!$P$6:$P$1005),0)
A13: Fournitures de bureau | B13: =IFERROR(SUMIFS('Journal dépenses'!$P$6:$P$1005,'Journal dépenses'!$E$6:$E$1005,A13),0) | C13: =IFERROR(COUNTIF('Journal dépenses'!$E$6:$E$1005,A13),0) | E13: Total part entreprise — catégories | G13: =IFERROR(SUM(B12:B22),0)
A14: Télécommunications | B14: =IFERROR(SUMIFS('Journal dépenses'!$P$6:$P$1005,'Journal dépenses'!$E$6:$E$1005,A14),0) | C14: =IFERROR(COUNTIF('Journal dépenses'!$E$6:$E$1005,A14),0) | E14: Écart | G14: =IFERROR(F12-F13,0)
A15: Internet et logiciels | B15: =IFERROR(SUMIFS('Journal dépenses'!$P$6:$P$1005,'Journal dépenses'!$E$6:$E$1005,A15),0) | C15: =IFERROR(COUNTIF('Journal dépenses'!$E$6:$E$1005,A15),0) | E15: Statut du contrôle | G15: =IF(ABS(F14)<=0.01,"OK — Totaux réconciliés","À vérifier")
A16: Frais bancaires | B16: =IFERROR(SUMIFS('Journal dépenses'!$P$6:$P$1005,'Journal dépenses'!$E$6:$E$1005,A16),0) | C16: =IFERROR(COUNTIF('Journal dépenses'!$E$6:$E$1005,A16),0) | E16: ="" | G16: =""
A17: Déplacements et kilométrage | B17: =IFERROR(SUMIFS('Journal dépenses'!$P$6:$P$1005,'Journal dépenses'!$E$6:$E$1005,A17),0) | C17: =IFERROR(COUNTIF('Journal dépenses'!$E$6:$E$1005,A17),0) | E17: ="" | G17: =""
A18: Repas et représentation | B18: =IFERROR(SUMIFS('Journal dépenses'!$P$6:$P$1005,'Journal dépenses'!$E$6:$E$1005,A18),0) | C18: =IFERROR(COUNTIF('Journal dépenses'!$E$6:$E$1005,A18),0) | E18: ="" | G18: =""
A19: Assurances | B19: =IFERROR(SUMIFS('Journal dépenses'!$P$6:$P$1005,'Journal dépenses'!$E$6:$E$1005,A19),0) | C19: =IFERROR(COUNTIF('Journal dépenses'!$E$6:$E$1005,A19),0) | E19: ="" | G19: =""
A20: Formation professionnelle | B20: =IFERROR(SUMIFS('Journal dépenses'!$P$6:$P$1005,'Journal dépenses'!$E$6:$E$1005,A20),0) | C20: =IFERROR(COUNTIF('Journal dépenses'!$E$6:$E$1005,A20),0) | E20: ="" | G20: =""
A21: Loyer et espace de travail | B21: =IFERROR(SUMIFS('Journal dépenses'!$P$6:$P$1005,'Journal dépenses'!$E$6:$E$1005,A21),0) | C21: =IFERROR(COUNTIF('Journal dépenses'!$E$6:$E$1005,A21),0) | E21: ="" | G21: =""
A22: Immobilisation à traiter | B22: =IFERROR(SUMIFS('Journal dépenses'!$P$6:$P$1005,'Journal dépenses'!$E$6:$E$1005,A22),0) | C22: =IFERROR(COUNTIF('Journal dépenses'!$E$6:$E$1005,A22),0) | E22: ="" | G22: =""
B23: ="" | C23: ="" | E23: ="" | G23: =""
B24: ="" | C24: ="" | E24: ="" | G24: =""
B25: ="" | C25: ="" | E25: ="" | G25: =""
B26: ="" | C26: ="" | E26: ="" | G26: =""
B27: ="" | C27: ="" | E27: ="" | G27: =""
B28: ="" | C28: ="" | E28: ="" | G28: =""
B29: ="" | C29: ="" | E29: ="" | G29: =""
B30: ="" | C30: ="" | E30: ="" | G30: =""
B31: ="" | C31: ="" | E31: ="" | G31: =""
B32: ="" | C32: ="" | E32: ="" | G32: =""
B33: ="" | C33: ="" | E33: ="" | G33: =""
B34: ="" | C34: ="" | E34: ="" | G34: =""
... B101: ="" | C101: ="" | E101: ="" | G101: =""

Sheet Journal dépenses
A1: Journal des dépenses d’entreprise
A2: Saisir une ligne par transaction. Conserver les reçus et pièces justificatives.
A3: Entreprise | B3: ='Paramètres'!$B$9 | D3: Exercice financier | E3: ='Paramètres'!$B$3 | G3: Taux TPS | H3: ='Paramètres'!$B$4 | J3: Taux TVQ | K3: ='Paramètres'!$B$5
A5: No transaction | B5: Date | C5: Fournisseur | D5: Description | E5: Catégorie | F5: Projet ou client | G5: Mode de paiement | H5: Reçu disponible | I5: Taxable TPS | J5: Taxable TVQ | K5: Montant avant taxes | L5: TPS | M5: TVQ | N5: Total payé | O5: Pourcentage d’affaires | P5: Part entreprise | Q5: Taxes récupérables estimées | R5: Montant net entreprise estimé | S5: Traitement comptable | T5: Notes
A6: 1 | B6: 46028 | C6: Bureau en Gros | D6: Papier, cartouches et chemises de classement | E6: Fournitures de bureau | F6: Administration | G6: Carte de crédit | H6: Oui | I6: Oui | J6: Oui | K6: 84.5 | L6: =IF(A6="","",IFERROR(IF(I6="Oui",ROUND(K6*'Paramètres'!$B$4,2),0),0)) | M6: =IF(A6="","",IFERROR(IF(J6="Oui",ROUND(K6*'Paramètres'!$B$5,2),0),0)) | N6: =IF(A6="","",IFERROR(K6+L6+M6,0)) | O6: 1 | P6: =IF(A6="","",IFERROR(N6*O6,0)) | Q6: =IF(A6="","",IFERROR(IF(AND('Paramètres'!$B$6="Oui",'Paramètres'!$B$7="Oui"),(L6+M6)*O6,IF('Paramètres'!$B$6="Oui",L6*O6,IF('Paramètres'!$B$7="Oui",M6*O6,0))),0)) | R6: =IF(A6="","",IFERROR(P6-Q6,0)) | S6: Dépense courante | T6: Reçu numérique classé
A7: 2 | B7: 46032 | C7: Vidéotron Affaires | D7: Service Internet mensuel | E7: Internet et logiciels | F7: Administration | G7: Prélèvement automatique | H7: Oui | I7: Oui | J7: Oui | K7: 79.95 | L7: =IF(A7="","",IFERROR(IF(I7="Oui",ROUND(K7*'Paramètres'!$B$4,2),0),0)) | M7: =IF(A7="","",IFERROR(IF(J7="Oui",ROUND(K7*'Paramètres'!$B$5,2),0),0)) | N7: =IF(A7="","",IFERROR(K7+L7+M7,0)) | O7: 1 | P7: =IF(A7="","",IFERROR(N7*O7,0)) | Q7: =IF(A7="","",IFERROR(IF(AND('Paramètres'!$B$6="Oui",'Paramètres'!$B$7="Oui"),(L7+M7)*O7,IF('Paramètres'!$B$6="Oui",L7*O7,IF('Paramètres'!$B$7="Oui",M7*O7,0))),0)) | R7: =IF(A7="","",IFERROR(P7-Q7,0)) | S7: Dépense courante | T7: Janvier 2026
A8: 3 | B8: 46040 | C8: Petro-Canada | D8: Carburant pour déplacements chez clients | E8: Déplacements et kilométrage | F8: Clients divers | G8: Carte de crédit | H8: Oui | I8: Oui | J8: Oui | K8: 96.4 | L8: =IF(A8="","",IFERROR(IF(I8="Oui",ROUND(K8*'Paramètres'!$B$4,2),0),0)) | M8: =IF(A8="","",IFERROR(IF(J8="Oui",ROUND(K8*'Paramètres'!$B$5,2),0),0)) | N8: =IF(A8="","",IFERROR(K8+L8+M8,0)) | O8: 0.7 | P8: =IF(A8="","",IFERROR(N8*O8,0)) | Q8: =IF(A8="","",IFERROR(IF(AND('Paramètres'!$B$6="Oui",'Paramètres'!$B$7="Oui"),(L8+M8)*O8,IF('Paramètres'!$B$6="Oui",L8*O8,IF('Paramètres'!$B$7="Oui",M8*O8,0))),0)) | R8: =IF(A8="","",IFERROR(P8-Q8,0)) | S8: Dépense courante | T8: Usage mixte personnel et affaires
A9: 4 | B9: 46055 | C9: Desjardins | D9: Frais mensuels du compte affaires | E9: Frais bancaires | F9: Administration | G9: Prélèvement automatique | H9: Oui | I9: Non | J9: Non | K9: 16.95 | L9: =IF(A9="","",IFERROR(IF(I9="Oui",ROUND(K9*'Paramètres'!$B$4,2),0),0)) | M9: =IF(A9="","",IFERROR(IF(J9="Oui",ROUND(K9*'Paramètres'!$B$5,2),0),0)) | N9: =IF(A9="","",IFERROR(K9+L9+M9,0)) | O9: 1 | P9: =IF(A9="","",IFERROR(N9*O9,0)) | Q9: =IF(A9="","",IFERROR(IF(AND('Paramètres'!$B$6="Oui",'Paramètres'!$B$7="Oui"),(L9+M9)*O9,IF('Paramètres'!$B$6="Oui",L9*O9,IF('Paramètres'!$B$7="Oui",M9*O9,0))),0)) | R9: =IF(A9="","",IFERROR(P9-Q9,0)) | S9: Dépense courante | T9: Frais bancaires
A10: 5 | B10: 46060 | C10: Microsoft Canada | D10: Abonnement Microsoft 365 | E10: Internet et logiciels | F10: Administration | G10: Carte de crédit | H10: Oui | I10: Oui | J10: Oui | K10: 22.99 | L10: =IF(A10="","",IFERROR(IF(I10="Oui",ROUND(K10*'Paramètres'!$B$4,2),0),0)) | M10: =IF(A10="","",IFERROR(IF(J10="Oui",ROUND(K10*'Paramètres'!$B$5,2),0),0)) | N10: =IF(A10="","",IFERROR(K10+L10+M10,0)) | O10: 1 | P10: =IF(A10="","",IFERROR(N10*O10,0)) | Q10: =IF(A10="","",IFERROR(IF(AND('Paramètres'!$B$6="Oui",'Paramètres'!$B$7="Oui"),(L10+M10)*O10,IF('Paramètres'!$B$6="Oui",L10*O10,IF('Paramètres'!$B$7="Oui",M10*O10,0))),0)) | R10: =IF(A10="","",IFERROR(P10-Q10,0)) | S10: Dépense courante | T10: Abonnement mensuel
A11: 6 | B11: 46067 | C11: Bell Mobilité | D11: Forfait cellulaire d’affaires | E11: Télécommunications | F11: Administration | G11: Carte de crédit | H11: Oui | I11: Oui | J11: Oui | K11: 68 | L11: =IF(A11="","",IFERROR(IF(I11="Oui",ROUND(K11*'Paramètres'!$B$4,2),0),0)) | M11: =IF(A11="","",IFERROR(IF(J11="Oui",ROUND(K11*'Paramètres'!$B$5,2),0),0)) | N11: =IF(A11="","",IFERROR(K11+L11+M11,0)) | O11: 0.8 | P11: =IF(A11="","",IFERROR(N11*O11,0)) | Q11: =IF(A11="","",IFERROR(IF(AND('Paramètres'!$B$6="Oui",'Paramètres'!$B$7="Oui"),(L11+M11)*O11,IF('Paramètres'!$B$6="Oui",L11*O11,IF('Paramètres'!$B$7="Oui",M11*O11,0))),0)) | R11: =IF(A11="","",IFERROR(P11-Q11,0)) | S11: Dépense courante | T11: Usage mixte
A12: 7 | B12: 46084 | C12: Taxi Coop | D12: Déplacement pour rencontre client | E12: Déplacements et kilométrage | F12: Client Atelier Nord | G12: Carte de crédit | H12: Oui | I12: Oui | J12: Oui | K12: 32.5 | L12: =IF(A12="","",IFERROR(IF(I12="Oui",ROUND(K12*'Paramètres'!$B$4,2),0),0)) | M12: =IF(A12="","",IFERROR(IF(J12="Oui",ROUND(K12*'Paramètres'!$B$5,2),0),0)) | N12: =IF(A12="","",IFERROR(K12+L12+M12,0)) | O12: 1 | P12: =IF(A12="","",IFERROR(N12*O12,0)) | Q12: =IF(A12="","",IFERROR(IF(AND('Paramètres'!$B$6="Oui",'Paramètres'!$B$7="Oui"),(L12+M12)*O12,IF('Paramètres'!$B$6="Oui",L12*O12,IF('Paramètres'!$B$7="Oui",M12*O12,0))),0)) | R12: =IF(A12="","",IFERROR(P12-Q12,0)) | S12: Dépense courante | T12: Rencontre de suivi
A13: 8 | B13: 46090 | C13: Meta Platforms Canada | D13: Publicité Facebook pour campagne locale | E13: Publicité et promotion | F13: Campagne printemps | G13: Carte de crédit | H13: Oui | I13: Oui | J13: Oui | K13: 75 | L13: =IF(A13="","",IFERROR(IF(I13="Oui",ROUND(K13*'Paramètres'!$B$4,2),0),0)) | M13: =IF(A13="","",IFERROR(IF(J13="Oui",ROUND(K13*'Paramètres'!$B$5,2),0),0)) | N13: =IF(A13="","",IFERROR(K13+L13+M13,0)) | O13: 1 | P13: =IF(A13="","",IFERROR(N13*O13,0)) | Q13: =IF(A13="","",IFERROR(IF(AND('Paramètres'!$B$6="Oui",'Paramètres'!$B$7="Oui"),(L13+M13)*O13,IF('Paramètres'!$B$6="Oui",L13*O13,IF('Paramètres'!$B$7="Oui",M13*O13,0))),0)) | R13: =IF(A13="","",IFERROR(P13-Q13,0)) | S13: Dépense courante | T13: Campagne de recrutement
A14: 9 | B14: 46099 | C14: Intact Assurance | D14: Assurance responsabilité professionnelle | E14: Assurances | F14: Administration | G14: Prélèvement automatique | H14: Oui | I14: Non | J14: Non | K14: 105 | L14: =IF(A14="","",IFERROR(IF(I14="Oui",ROUND(K14*'Paramètres'!$B$4,2),0),0)) | M14: =IF(A14="","",IFERROR(IF(J14="Oui",ROUND(K14*'Paramètres'!$B$5,2),0),0)) | N14: =IF(A14="","",IFERROR(K14+L14+M14,0)) | O14: 1 | P14: =IF(A14="","",IFERROR(N14*O14,0)) | Q14: =IF(A14="","",IFERROR(IF(AND('Paramètres'!$B$6="Oui",'Paramètres'!$B$7="Oui"),(L14+M14)*O14,IF('Paramètres'!$B$6="Oui",L14*O14,IF('Paramètres'!$B$7="Oui",M14*O14,0))),0)) | R14: =IF(A14="","",IFERROR(P14-Q14,0)) | S14: Dépense courante | T14: Prime mensuelle
L15: =IF(A15="","",IFERROR(IF(I15="Oui",ROUND(K15*'Paramètres'!$B$4,2),0),0)) | M15: =IF(A15="","",IFERROR(IF(J15="Oui",ROUND(K15*'Paramètres'!$B$5,2),0),0)) | N15: =IF(A15="","",IFERROR(K15+L15+M15,0)) | P15: =IF(A15="","",IFERROR(N15*O15,0)) | Q15: =IF(A15="","",IFERROR(IF(AND('Paramètres'!$B$6="Oui",'Paramètres'!$B$7="Oui"),(L15+M15)*O15,IF('Paramètres'!$B$6="Oui",L15*O15,IF('Paramètres'!$B$7="Oui",M15*O15,0))),0)) | R15: =IF(A15="","",IFERROR(P15-Q15,0))
L16: =IF(A16="","",IFERROR(IF(I16="Oui",ROUND(K16*'Paramètres'!$B$4,2),0),0)) | M16: =IF(A16="","",IFERROR(IF(J16="Oui",ROUND(K16*'Paramètres'!$B$5,2),0),0)) | N16: =IF(A16="","",IFERROR(K16+L16+M16,0)) | P16: =IF(A16="","",IFERROR(N16*O16,0)) | Q16: =IF(A16="","",IFERROR(IF(AND('Paramètres'!$B$6="Oui",'Paramètres'!$B$7="Oui"),(L16+M16)*O16,IF('Paramètres'!$B$6="Oui",L16*O16,IF('Paramètres'!$B$7="Oui",M16*O16,0))),0)) | R16: =IF(A16="","",IFERROR(P16-Q16,0))
L17: =IF(A17="","",IFERROR(IF(I17="Oui",ROUND(K17*'Paramètres'!$B$4,2),0),0)) | M17: =IF(A17="","",IFERROR(IF(J17="Oui",ROUND(K17*'Paramètres'!$B$5,2),0),0)) | N17: =IF(A17="","",IFERROR(K17+L17+M17,0)) | P17: =IF(A17="","",IFERROR(N17*O17,0)) | Q17: =IF(A17="","",IFERROR(IF(AND('Paramètres'!$B$6="Oui",'Paramètres'!$B$7="Oui"),(L17+M17)*O17,IF('Paramètres'!$B$6="Oui",L17*O17,IF('Paramètres'!$B$7="Oui",M17*O17,0))),0)) | R17: =IF(A17="","",IFERROR(P17-Q17,0))
L18: =IF(A18="","",IFERROR(IF(I18="Oui",ROUND(K18*'Paramètres'!$B$4,2),0),0)) | M18: =IF(A18="","",IFERROR(IF(J18="Oui",ROUND(K18*'Paramètres'!$B$5,2),0),0)) | N18: =IF(A18="","",IFERROR(K18+L18+M18,0)) | P18: =IF(A18="","",IFERROR(N18*O18,0)) | Q18: =IF(A18="","",IFERROR(IF(AND('Paramètres'!$B$6="Oui",'Paramètres'!$B$7="Oui"),(L18+M18)*O18,IF('Paramètres'!$B$6="Oui",L18*O18,IF('Paramètres'!$B$7="Oui",M18*O18,0))),0)) | R18: =IF(A18="","",IFERROR(P18-Q18,0))
L19: =IF(A19="","",IFERROR(IF(I19="Oui",ROUND(K19*'Paramètres'!$B$4,2),0),0)) | M19: =IF(A19="","",IFERROR(IF(J19="Oui",ROUND(K19*'Paramètres'!$B$5,2),0),0)) | N19: =IF(A19="","",IFERROR(K19+L19+M19,0)) | P19: =IF(A19="","",IFERROR(N19*O19,0)) | Q19: =IF(A19="","",IFERROR(IF(AND('Paramètres'!$B$6="Oui",'Paramètres'!$B$7="Oui"),(L19+M19)*O19,IF('Paramètres'!$B$6="Oui",L19*O19,IF('Paramètres'!$B$7="Oui",M19*O19,0))),0)) | R19: =IF(A19="","",IFERROR(P19-Q19,0))
L20: =IF(A20="","",IFERROR(IF(I20="Oui",ROUND(K20*'Paramètres'!$B$4,2),0),0)) | M20: =IF(A20="","",IFERROR(IF(J20="Oui",ROUND(K20*'Paramètres'!$B$5,2),0),0)) | N20: =IF(A20="","",IFERROR(K20+L20+M20,0)) | P20: =IF(A20="","",IFERROR(N20*O20,0)) | Q20: =IF(A20="","",IFERROR(IF(AND('Paramètres'!$B$6="Oui",'Paramètres'!$B$7="Oui"),(L20+M20)*O20,IF('Paramètres'!$B$6="Oui",L20*O20,IF('Paramètres'!$B$7="Oui",M20*O20,0))),0)) | R20: =IF(A20="","",IFERROR(P20-Q20,0))
L21: =IF(A21="","",IFERROR(IF(I21="Oui",ROUND(K21*'Paramètres'!$B$4,2),0),0)) | M21: =IF(A21="","",IFERROR(IF(J21="Oui",ROUND(K21*'Paramètres'!$B$5,2),0),0)) | N21: =IF(A21="","",IFERROR(K21+L21+M21,0)) | P21: =IF(A21="","",IFERROR(N21*O21,0)) | Q21: =IF(A21="","",IFERROR(IF(AND('Paramètres'!$B$6="Oui",'Paramètres'!$B$7="Oui"),(L21+M21)*O21,IF('Paramètres'!$B$6="Oui",L21*O21,IF('Paramètres'!$B$7="Oui",M21*O21,0))),0)) | R21: =IF(A21="","",IFERROR(P21-Q21,0))
L22: =IF(A22="","",IFERROR(IF(I22="Oui",ROUND(K22*'Paramètres'!$B$4,2),0),0)) | M22: =IF(A22="","",IFERROR(IF(J22="Oui",ROUND(K22*'Paramètres'!$B$5,2),0),0)) | N22: =IF(A22="","",IFERROR(K22+L22+M22,0)) | P22: =IF(A22="","",IFERROR(N22*O22,0)) | Q22: =IF(A22="","",IFERROR(IF(AND('Paramètres'!$B$6="Oui",'Paramètres'!$B$7="Oui"),(L22+M22)*O22,IF('Paramètres'!$B$6="Oui",L22*O22,IF('Paramètres'!$B$7="Oui",M22*O22,0))),0)) | R22: =IF(A22="","",IFERROR(P22-Q22,0))
L23: =IF(A23="","",IFERROR(IF(I23="Oui",ROUND(K23*'Paramètres'!$B$4,2),0),0)) | M23: =IF(A23="","",IFERROR(IF(J23="Oui",ROUND(K23*'Paramètres'!$B$5,2),0),0)) | N23: =IF(A23="","",IFERROR(K23+L23+M23,0)) | P23: =IF(A23="","",IFERROR(N23*O23,0)) | Q23: =IF(A23="","",IFERROR(IF(AND('Paramètres'!$B$6="Oui",'Paramètres'!$B$7="Oui"),(L23+M23)*O23,IF('Paramètres'!$B$6="Oui",L23*O23,IF('Paramètres'!$B$7="Oui",M23*O23,0))),0)) | R23: =IF(A23="","",IFERROR(P23-Q23,0))
L24: =IF(A24="","",IFERROR(IF(I24="Oui",ROUND(K24*'Paramètres'!$B$4,2),0),0)) | M24: =IF(A24="","",IFERROR(IF(J24="Oui",ROUND(K24*'Paramètres'!$B$5,2),0),0)) | N24: =IF(A24="","",IFERROR(K24+L24+M24,0)) | P24: =IF(A24="","",IFERROR(N24*O24,0)) | Q24: =IF(A24="","",IFERROR(IF(AND('Paramètres'!$B$6="Oui",'Paramètres'!$B$7="Oui"),(L24+M24)*O24,IF('Paramètres'!$B$6="Oui",L24*O24,IF('Paramètres'!$B$7="Oui",M24*O24,0))),0)) | R24: =IF(A24="","",IFERROR(P24-Q24,0))
L25: =IF(A25="","",IFERROR(IF(I25="Oui",ROUND(K25*'Paramètres'!$B$4,2),0),0)) | M25: =IF(A25="","",IFERROR(IF(J25="Oui",ROUND(K25*'Paramètres'!$B$5,2),0),0)) | N25: =IF(A25="","",IFERROR(K25+L25+M25,0)) | P25: =IF(A25="","",IFERROR(N25*O25,0)) | Q25: =IF(A25="","",IFERROR(IF(AND('Paramètres'!$B$6="Oui",'Paramètres'!$B$7="Oui"),(L25+M25)*O25,IF('Paramètres'!$B$6="Oui",L25*O25,IF('Paramètres'!$B$7="Oui",M25*O25,0))),0)) | R25: =IF(A25="","",IFERROR(P25-Q25,0))
L26: =IF(A26="","",IFERROR(IF(I26="Oui",ROUND(K26*'Paramètres'!$B$4,2),0),0)) | M26: =IF(A26="","",IFERROR(IF(J26="Oui",ROUND(K26*'Paramètres'!$B$5,2),0),0)) | N26: =IF(A26="","",IFERROR(K26+L26+M26,0)) | P26: =IF(A26="","",IFERROR(N26*O26,0)) | Q26: =IF(A26="","",IFERROR(IF(AND('Paramètres'!$B$6="Oui",'Paramètres'!$B$7="Oui"),(L26+M26)*O26,IF('Paramètres'!$B$6="Oui",L26*O26,IF('Paramètres'!$B$7="Oui",M26*O26,0))),0)) | R26: =IF(A26="","",IFERROR(P26-Q26,0))
... L1005: =IF(A1005="","",IFERROR(IF(I1005="Oui",ROUND(K1005*'Paramètres'!$B$4,2),0),0)) | M1005: =IF(A1005="","",IFERROR(IF(J1005="Oui",ROUND(K1005*'Paramètres'!$B$5,2),0),0)) | N1005: =IF(A1005="","",IFERROR(K1005+L1005+M1005,0)) | P1005: =IF(A1005="","",IFERROR(N1005*O1005,0)) | Q1005: =IF(A1005="","",IFERROR(IF(AND('Paramètres'!$B$6="Oui",'Paramètres'!$B$7="Oui"),(L1005+M1005)*O1005,IF('Paramètres'!$B$6="Oui",L1005*O1005,IF('Paramètres'!$B$7="Oui",M1005*O1005,0))),0)) | R1005: =IF(A1005="","",IFERROR(P1005-Q1005,0))
J1007: Total avant taxes | K1007: =IFERROR(SUM(K6:K1005),0)
J1008: Total TPS | K1008: =IFERROR(SUM(L6:L1005),0)
J1009: Total TVQ | K1009: =IFERROR(SUM(M6:M1005),0)
J1010: Total payé | K1010: =IFERROR(SUM(N6:N1005),0)
J1011: Total part entreprise | K1011: =IFERROR(SUM(P6:P1005),0)
J1012: Total taxes récupérables estimées | K1012: =IFERROR(SUM(Q6:Q1005),0)
J1013: Total net entreprise estimé | K1013: =IFERROR(SUM(R6:R1005),0)
J1015: Les montants nets et taxes récupérables sont des estimations de gestion. Valider le traitement fiscal avant toute déclaration à Revenu Québec ou à l’ARC.

Sheet Paramètres
A1: Paramètres du journal des dépenses
D2: Catégories de dépenses | F2: Modes de paiement | H2: Réponses | J2: Traitement comptable
A3: Exercice financier | B3: 2026 | D3: Publicité et promotion | F3: Carte de crédit | H3: Oui | J3: Dépense courante
A4: Taux TPS | B4: 0.05 | D4: Fournitures de bureau | F4: Carte de débit | H4: Non | J4: Immobilisation à traiter
A5: Taux TVQ | B5: 0.09975 | D5: Télécommunications | F5: Virement bancaire | J5: À valider
A6: Inscrit au fichier de la TPS | B6: Oui | D6: Internet et logiciels | F6: Prélèvement automatique
A7: Inscrit au fichier de la TVQ | B7: Oui | D7: Frais bancaires | F7: Comptant
A8: Pourcentage d’affaires par défaut | B8: 1 | D8: Déplacements et kilométrage
A9: Nom de l’entreprise ou du travailleur autonome | B9: Services Martin Tremblay | D9: Repas et représentation
A10: Note de validation | B10: Vérifier les taux et l’admissibilité des taxes avant la production fiscale. | D10: Assurances
D11: Formation professionnelle
D12: Loyer et espace de travail
D13: Immobilisation à traiter
D16: Les taux affichés sont modifiables. Confirmer les taux applicables, l’inscription aux fichiers TPS et TVQ, ainsi que l’admissibilité des dépenses et taxes avec une personne qualifiée.
